 Dungeon Crawl Stone Soup version 0.29.1-2-gbd0b4ee654 (webtiles) character file.

Game seed: 14075908061036066474

129368 BlackCrag2 the Severer (level 16, -3/147 HPs)
             Began as a Minotaur Fighter on Nov 20, 2022.
             Was a High Priest of the Shining One.
             Succumbed to an emperor scorpion's poison
             ... on level 1 of the Spider Nest on Nov 22, 2022.
             The game lasted 02:46:11 (31797 turns).

BlackCrag2 the Severer (Minotaur Fighter)          Turns: 31797, Time: 02:46:12

Health: -3/147     AC: 19    Str: 37    XL:     16   Next: 50%
Magic:  17/17      EV: 11    Int:  1    God:    the Shining One [*****.]
Gold:   1197       SH: 25    Dex: 22    Spells: 15/15 levels left

rFire   . . .      SeeInvis .   U - +9 eveningstar of Neurosis {vorpal, Contam Dex+6}
rCold   + . .      Faith    .   x - +0 tower shield of the Salamander {-Cast rN+ Str+8 Int-4}
rNeg    + + +      Spirit   .   M - +4 chain mail {rPois}
rPois   +          Reflect  +   (helmet restricted)
rElec   .          Harm     .   D - +1 cloak
rCorr   .          Rampage  .   (no gloves)
Will    +....      NoCast   +   a - +2 pair of boots {Fly}
Stlth   ..........              H - amulet of reflection
HPRegen 0.34/turn               R - ring of protection from cold
MPRegen 0.15/turn               O - +6 ring of dexterity

@: mighty, lethally poisoned (-3 -> -51), corroded, flying, glowing, studying 2
skills
A: horns 2, retaliatory headbutt
a: Renounce Religion, Divine Shield, Cleansing Flame, Summon Divine Warrior


You were on level 1 of the Spider Nest.
You worshipped the Shining One.
The Shining One was extremely pleased with you.
You visited 5 branches of the dungeon, and saw 24 of its levels.

You collected 2249 gold pieces.
You spent 1052 gold pieces at shops.

Inventory:

Hand Weapons
 y - a +4 battleaxe
 K - the +5 broad axe "Titeygomu" {freeze, Contam Int+4 Dex+5}
   (You found it on level 12 of the Dungeon)

   It freezes those it strikes, dealing additional cold damage.
   It can also slow down cold-blooded creatures.
   Int:       It affects your intelligence (+4).
   Dex:       It affects your dexterity (+5).
   Contam:    It causes magical contamination when unequipped.
 S - a +6 double sword of holy wrath
 U - the +9 eveningstar of Neurosis (weapon) {vorpal, Contam Dex+6}
   (You bought it in a shop on level 15 of the Dungeon)

   It inflicts extra damage upon your enemies.
   Dex:       It affects your dexterity (+6).
   Contam:    It causes magical contamination when unequipped.
Missiles
 v - a curare-tipped dart
 A - 33 poisoned darts
 I - 4 javelins (quivered)
Armour
 a - a +2 pair of boots of flying (worn)
 f - a +3 plate armour of fire resistance
 x - the +0 tower shield of the Salamander (worn) {-Cast rN+ Str+8 Int-4}
   (You acquired it on level 5 of the Lair of Beasts)

   Str:       It affects your strength (+8).
   Int:       It affects your intelligence (-4).
   rN:        It protects you from negative energy.
   -Cast:     It prevents spellcasting.
 D - a +1 cloak (worn)
 M - a +4 chain mail of poison resistance (worn)
Jewellery
 k - a ring of fire
 z - a ring of protection from fire
 H - an amulet of reflection (around neck)
 O - a +6 ring of dexterity (right hand)
 R - a ring of protection from cold (left hand)
Wands
 b - a wand of flame (24)
 C - a wand of iceblast (3)
 G - a wand of quicksilver (5)
 L - a wand of mindburst (16)
Scrolls
 c - a scroll of silence
 m - 4 scrolls of fear
 n - 2 scrolls of blinking
 r - 12 scrolls of teleportation
 t - 5 scrolls of poison
 w - a scroll of amnesia
 B - 4 scrolls of butterflies
 Q - a scroll of magic mapping
Potions
 d - 3 potions of might
 g - 4 potions of mutation
 h - 4 potions of haste
 i - 5 potions of flight {unknown}
 j - 5 potions of resistance
 o - 4 potions of curing
 p - 3 potions of attraction {unknown}
 q - 3 potions of lignification {unknown}
 u - 2 potions of brilliance {unknown}
 E - a potion of heal wounds
 N - 2 potions of invisibility {unknown}
 T - 2 potions of ambrosia


   Skills:
 + Level 14.5 Fighting
 + Level 14.6 Long Blades
 + Level 17.2(18.0) Axes
 + Level 9.0(14.2) Maces & Flails
 * Level 11.7 Throwing
 + Level 14.3 Armour
 + Level 4.8 Dodging
 - Level 0.4 Stealth
 + Level 13.4 Shields
 + Level 3.0 Invocations
 + Level 1.8 Evocations


You had 15 spell levels left.
You didn't know any spells.
Your spell library contained the following spells:

 Spells                   Type           Power      Damage    Failure   Level
 Freeze                   Ice            0%         1d3       100%        1
 Magic Dart               Conj           0%         1d3       100%        1
 Sandblast                Erth           0%         2d4       100%        1
 Shock                    Conj/Air       0%         1d3       100%        1
 Ensorcelled Hibernation  Hex/Ice        0%         N/A       100%        2
 Passwall                 Tmut/Erth      0%         N/A       100%        2
 Scorch                   Fire           0%         2d5       100%        2
 Searing Ray              Conj           0%         2d4       100%        2
 Static Discharge         Conj/Air       0%         3-3/arc   100%        2
 Sublimation of Blood     Necr           0%         N/A       100%        2
 Dazzling Flash           Conj/Hex       0%         N/A       100%        3
 Frozen Ramparts          Ice            0%         1d1       100%        3
 Gell's Gravitas          Tloc           0%         N/A       100%        3
 Lesser Beckoning         Tloc           0%         N/A       100%        3
 Ozocubu's Armour         Ice            0%         N/A       100%        3
 Spider Form              Tmut/Pois      0%         N/A       100%        3
 Stone Arrow              Conj/Erth      0%         3d7       100%        3
 Summon Guardian Golem    Hex/Summ       0%         N/A       100%        3
 Swiftness                Air            0%         N/A       100%        3
 Teleport Other           Tloc           0%         N/A       100%        3
 Airstrike                Air            0%         2d(0-16)  100%        4
 Anguish                  Hex/Necr       0%         N/A       100%        4
 Cause Fear               Hex            0%         N/A       100%        4
 Corpse Rot               Necr/Pois/Air  0%         N/A       100%        4
 Flame Wave               Conj/Fire      0%         2d4       100%        4
 Fulminant Prism          Conj/Hex       0%         3d6       100%        4
 Hailstorm                Conj/Ice       0%         3d3       100%        4
 Petrify                  Tmut/Erth      0%         N/A       100%        4
 Summon Ice Beast         Ice/Summ       0%         N/A       100%        4
 Irradiate                Conj/Tmut      0%         3d11      100%        5
 Lightning Bolt           Conj/Air       0%         1d11      100%        5
 Metabolic Englaciation   Hex/Ice        0%         N/A       100%        5
 Simulacrum               Ice/Necr       0%         N/A       100%        6
 Summon Cactus Giant      Summ           0%         N/A       100%        6
 Dragon Form              Tmut           0%         N/A       100%        7
 Orb of Destruction       Conj           0%         9d5       100%        7
 Ozocubu's Refrigeration  Ice            0%         4d7       100%        7
 Spellforged Servitor     Conj/Summ      0%         N/A       100%        7
 Maxwell's Capacitive Co  Air            0%         ∞         100%        8
 Dragon's Call            Summ           0%         N/A       100%        9
 Polar Vortex             Ice            0%         N/A       100%        9


Dungeon Overview and Level Annotations

Branches:
Dungeon (15/15)            Temple (1/1) D:6            Lair (5/5) D:11
  Swamp (0/4) Lair:3       Spider (1/4) Lair:3        Slime (0/5) Lair:4
    Orc (2/2) D:10            Elf (0/3) Orc:2        Vaults (0/5) D:13
 Depths (0/4) D:15

Altars:
Ashenzari
Cheibriados
Dithmenos
Elyvilon
Fedhas
Gozag
Hepliaklqana
Kikubaaqudgha
Makhleb
Nemelex Xobeh
Okawaru
Qazlal
Ru
Sif Muna
Trog
Uskayaw
Vehumet
Wu Jian
Xom
Yredelemnul
Zin
The Shining One
Jiyva

Shops:
D:3 =   D:15 *   Orc:2 !*!

Portals:
Abyss: D:8
Trove: D:12 (give 18 potions of curing)

Annotations:
D:6 5 runed translucent doors
D:8 2 transporters, ILmort's ghost, novice DjFE


Innate Abilities, Weirdness & Mutations

You have a pair of horns on your head.
You reflexively headbutt those who attack you in melee.


Message History

The moth of wrath is severely wounded.
The bolt of dispelling energy hits the emperor scorpion.
The emperor scorpion is lightly wounded.
You bludgeon the moth of wrath!!
You kill the moth of wrath!
Aiming: Mindburst
Press: ? - help, Shift-Dir - straight line, f/p - emperor scorpion
Aim: an emperor scorpion (lightly wounded, haloed, chance to affect: 37%)
The emperor scorpion resists with some effort.
The entropy weaver casts a spell at you.
The entropic weave corrodes you!
Okay, then.
You feel very mighty all of a sudden. The emperor scorpion stings you!
* * * LOW HITPOINT WARNING * * *
The emperor scorpion claws you.
* * * LOW HITPOINT WARNING * * *
You block the emperor scorpion's attack. x4
You impale the emperor scorpion!! You headbutt the emperor scorpion.
The emperor scorpion is moderately wounded.
The emperor scorpion stings you but does no damage.
The emperor scorpion completely misses you.
You block the emperor scorpion's attack.
You bludgeon the emperor scorpion!! You headbutt the emperor scorpion!
The emperor scorpion is severely wounded.
The emperor scorpion stings you!
* * * LOW HITPOINT WARNING * * *
The emperor scorpion claws you but does no damage.
You block the emperor scorpion's attack.
You sock the emperor scorpion! You headbutt the emperor scorpion.
The emperor scorpion is almost dead.
The emperor scorpion stings you!
* * * LOW HITPOINT WARNING * * *
You are lethally poisoned!
The emperor scorpion poisons you!
You block the emperor scorpion's attack.
The emperor scorpion claws you but does no damage.
You bludgeon the emperor scorpion!!
You kill the emperor scorpion!
You die...

###.....##..#...#.....# .
##.#.........#...#†.##^# ..#
#....###...#.#....#..###
#...#....#########..###....#
..........#####.##.........#
........###..#...#.....#...#
#..#.##†#.##.....#....^#####
.. ###.†...>...#####..##
#.........B@†.####
#.....#....†^....#.##
##.........†##......#
#.....^.....######..^#
##..##....^#....# ..# ....
#...^##.....# ## #....
#...^s ..#... ....#
#....^s..# .. ...^..#..## .


You could see an entropy weaver.

Vanquished Creatures
  2 emperor scorpions (Spider:1)
  An ironbound preserver (D:13)
  Nessos (Lair:3)
  Snorg (Lair:5)
  A spark wasp (Spider:1)
  Josephine (Lair:3)
  An ice dragon (D:12)
  A rakshasa (D:15)
  17 hydras
  An ogre mage (D:13)
  A death knight (D:13)
  A catoblepas (Lair:4)
  6 centaur warriors
  A radroach (Spider:1)
  2 two-headed ogres
  3 death yaks
  Urug (Lair:2)
  6 orc high priests
  Sonja (D:10)
  Amaemon (Lair:2)
  A fire crab (Lair:5)
  A sun moth (Spider:1)
  4 steelbarb worms (Spider:1)
  A glowing orange brain (D:15)
  An orb spider (Spider:1)
  Pikel (D:6)
  7 orc knights
  4 lindwurms (Lair:3)
  2 deep elf pyromancers
  2 wolf spider zombies (D:15)
  An orc sorcerer (Orc:2)
  2 cyclopes
  28 ugly things
  2 wolf spiders (Spider:1)
  4 manticores
  Maurice (Orc:1)
  21 elephants
  A moth of wrath (Spider:1)
  10 centaur zombies (D:15)
  5 gargoyles
  12 cane toads
  5 black mambas
  2 torpor snails
  An orange demon (Lair:2)
  2 kobold demonologists
  4 unseen horrors
  A demonic crawler (Spider:1)
  2 efreet
  8 rime drakes
  11 komodo dragons
  3 freezing wraiths (D:14)
  Psyche (D:9)
  A redback zombie (D:15)
  A harpy zombie (D:15)
  A queen bee (Lair:2)
  16 polar bears
  5 raiju (Lair:5)
  5 trolls
  4 slime creatures
  2 hornets (Spider:1)
  10 tarantellas (Spider:1)
  29 blink frogs
  8 dream sheep (Lair:5)
  Sigmund (D:3)
  3 jumping spiders (Spider:1)
  4 culicivoras (Spider:1)
  2 centaur simulacra (D:12)
  2 spriggans (Lair:1)
  7 wraiths
  7 wyverns
  45 yaks
  3 steam dragons
  8 basilisks
  8 redbacks
  11 vampire mosquitoes
  3 swamp worms (Lair:3)
  7 wargs
  2 acid dragons
  12 water moccasins
  Duvessa (D:7)
  10 hell hounds (Lair:5)
  2 ice beasts (D:6)
  A floating eye (shapeshifter) (D:15)
  33 orc warriors
  A hornet zombie (D:15)
  14 black bears
  8 ogres
  13 wolves (Lair:5)
  A centaur (shapeshifter) (D:14)
  11 centaurs
  A lemure (D:6)
  A phantom (D:7)
  3 kobold brigands
  11 bullfrogs
  A gnoll sergeant (D:9)
  5 scorpions
  8 wights
  Dowan (D:7)
  41 killer bees
  8 howler monkeys
  4 hounds
  32 orc priests
  3 jellies
  2 iguanas
  23 orc wizards
  Ijyb (D:4)
  6 hell rats (Lair:5)
  Terence (D:2)
  Robin (D:3)
  4 gnolls (D:9)
  6 adders
  5 shadow imps
  An ufetubus (D:3)
  4 worms
  3 dart slugs
  77 orcs
  7 endoplasms
  6 giant cockroaches
  17 goblins
  9 hobgoblins
  6 jackals (D:3)
  6 quokkas
  4 ball pythons
  4 bats
  5 frilled lizards
  13 kobolds
  7 rats
840 creatures vanquished.

Vanquished Creatures (others)
  A manticore (D:12)
  33 fungi
  56 plants
90 creatures vanquished.

Grand Total: 930 creatures vanquished

Notes
Turn   | Place    | Note
-------+----------+-------------------------------------------
     0 | D:1      | BlackCrag2 the Minotaur Fighter began the quest for the
                  | Orb.
     0 | D:1      | Reached XP level 1. HP: 19/19 MP: 0/0
   109 | D:1      | Reached XP level 2. HP: 27/27 MP: 1/1
   383 | D:1      | Found a faded altar of an unknown god.
   891 | D:2      | Noticed Terence
   894 | D:2      | Reached XP level 3. HP: 33/33 MP: 2/2
   911 | D:2      | Killed Terence
  1513 | D:2      | Reached XP level 4. HP: 36/36 MP: 3/3
  1825 | D:3      | Found Zoges's Jewellery Boutique.
  1952 | D:3      | Noticed Sigmund
  1966 | D:3      | Killed Sigmund
  1967 | D:3      | Reached skill level 5 in Armour
  1967 | D:3      | Reached skill level 5 in Shields
  1967 | D:3      | Reached XP level 5. HP: 42/47 MP: 4/4
  1967 | D:3      | Reached XP level 6. HP: 47/53 MP: 5/5
  2073 | D:3      | Noticed Robin
  2094 | D:3      | Killed Robin
  2469 | D:4      | Noticed Ijyb
  2476 | D:4      | Killed Ijyb
  2624 | D:4      | Reached XP level 7. HP: 28/60 MP: 6/6
  3173 | D:4      | Reached skill level 5 in Fighting
  3243 | D:5      | Entered Level 5 of the Dungeon
  3291 | D:5      | Reached skill level 5 in Maces & Flails
  3291 | D:5      | Reached skill level 1 in Dodging
  3472 | D:5      | Found a hide-covered altar of Uskayaw.
  4410 | D:5      | Reached XP level 8. HP: 65/68 MP: 7/7
  4816 | D:6      | Reached skill level 1 in Axes
  4831 | D:6      | Found the +9 staff of Olgreb {rPois∞}
  4838 | D:6      | Found a runed translucent gate.
  4846 | D:6      | Reached skill level 2 in Axes
  4997 | D:6      | Noticed a troll
  5002 | D:6      | Killed a troll
  5003 | D:6      | Reached skill level 3 in Axes
  5005 | D:6      | Reached skill level 4 in Axes
  5094 | D:6      | Found a runed translucent gate.
  5094 | D:6      | Found a runed translucent gate.
  5095 | D:6      | Found a runed translucent door.
  5097 | D:6      | Noticed Pikel
  5115 | D:6      | Killed Pikel
  5116 | D:6      | Reached skill level 5 in Axes
  5116 | D:6      | Reached XP level 9. HP: 13/77 MP: 8/8
  5511 | D:6      | Found a staircase to the Ecumenical Temple.
  5518 | D:6      | Reached skill level 6 in Axes
  5519 | Temple   | Entered the Ecumenical Temple
  5641 | Temple   | Became a worshipper of the Shining One
  6245 | D:6      | Found a runed translucent door.
  6314 | D:7      | Reached skill level 7 in Axes
  6509 | D:7      | Identified the +2 ring mail of Cheibriados's Delight {rN+
                  | Int+4 Dex+3 Stlth+}
  6584 | D:7      | Reached skill level 1 in Throwing
  6873 | D:7      | Noticed Dowan
  6881 | D:7      | Reached skill level 8 in Axes
  6893 | D:7      | Noticed Duvessa
  6900 | D:7      | Killed Duvessa
  6903 | D:7      | Killed Dowan
  7396 | D:8      | Found a one-way gate to the infinite horrors of the Abyss.
  7396 | D:8      | Noticed ILmort's ghost (novice DjFE)
  7431 | D:8      | Found a transporter.
  7491 | D:8      | Reached * piety under the Shining One
  7739 | D:8      | Reached skill level 9 in Axes
  7931 | D:8      | Reached XP level 10. HP: 86/86 MP: 9/9
  8064 | D:8      | Noticed a toenail golem
  8073 | D:8      | Found a transporter.
  8811 | D:9      | Noticed Psyche
  8819 | D:9      | Killed Psyche
  9347 | D:9      | Reached skill level 10 in Axes
  9533 | D:10     | Entered Level 10 of the Dungeon
  9616 | D:10     | Noticed Sonja
  9620 | D:10     | Killed Sonja
  9621 | D:10     | Reached skill level 10 in Armour
  9879 | D:10     | Found a staircase to the Orcish Mines.
  9891 | D:10     | Reached skill level 11 in Axes
 10182 | D:10     | Reached ** piety under the Shining One
 10200 | D:10     | Reached XP level 11. HP: 70/95 MP: 10/10
 10578 | Orc:1    | Entered Level 1 of the Orcish Mines
 10613 | Orc:1    | Noticed an orc high priest
 10624 | Orc:1    | Noticed Maurice
 10633 | D:10     | Killed an orc high priest
 10761 | Orc:1    | Reached skill level 12 in Axes
 10770 | Orc:1    | Killed Maurice
 10891 | Orc:1    | Reached skill level 1 in Invocations
 11353 | Orc:2    | Entered Level 2 of the Orcish Mines
 12110 | Orc:2    | Reached *** piety under the Shining One
 12113 | Orc:2    | Noticed an orc high priest
 12115 | Orc:2    | Noticed a sixfirhy
 12115 | Orc:2    | Noticed an orc knight
 12280 | Orc:2    | Killed an orc high priest
 12289 | Orc:2    | Killed an orc knight
 12290 | Orc:2    | Reached skill level 13 in Axes
 12588 | Orc:2    | Noticed an orc high priest
 12598 | Orc:2    | Killed an orc high priest
 12602 | Orc:2    | Noticed an orc knight
 12628 | Orc:2    | Killed an orc knight
 12629 | Orc:2    | Reached skill level 10 in Fighting
 12879 | Orc:2    | Noticed an orc knight
 12882 | Orc:2    | Noticed an orc knight
 12897 | Orc:1    | Killed an orc knight
 12898 | Orc:1    | Reached skill level 1 in Evocations
 13177 | Orc:2    | Killed an orc knight
 13179 | Orc:2    | Noticed an orc high priest
 13187 | Orc:2    | Killed an orc high priest
 13273 | Orc:2    | Reached XP level 12. HP: 32/107 MP: 12/12
 13917 | Orc:2    | Noticed an orc high priest
 13977 | Orc:1    | Killed an orc high priest
 13978 | Orc:1    | Reached skill level 14 in Axes
 14241 | Orc:2    | Found a staircase to the Elven Halls.
 14244 | Orc:2    | Noticed a two-headed ogre
 14253 | Orc:2    | Killed a two-headed ogre
 14681 | Orc:2    | Noticed an orc high priest
 14689 | Orc:2    | Killed an orc high priest
 14690 | Orc:2    | Reached skill level 5 in Throwing
 14691 | Orc:2    | Found Quam's Distillery.
 14691 | Orc:2    | Found Goxowir's General Store.
 14692 | Orc:2    | Found Usewn's Distillery.
 14692 | Orc:2    | Found Oqepudapnu's Weapon Shop.
 14699 | Orc:2    | Bought a scroll of magic mapping for 97 gold pieces
 14702 | Orc:2    | Bought a potion of heal wounds for 85 gold pieces
 14703 | Orc:2    | Bought a potion of resistance for 170 gold pieces
 15301 | D:11     | Noticed a death yak
 15302 | D:11     | Noticed a two-headed ogre
 15322 | D:11     | Killed a death yak
 15323 | D:11     | Reached skill level 15 in Axes
 15490 | D:11     | Found a staircase to the Lair.
 15559 | D:11     | Got the Precepts of the Mountains and Lightning
 16132 | D:11     | Noticed a seven-headed hydra
 16137 | D:11     | Killed an eight-headed hydra
 16287 | D:11     | Killed a two-headed ogre
 16494 | D:12     | Found a portal to a secret trove of treasure.
 16683 | Lair:1   | Entered Level 1 of the Lair of Beasts
 16833 | Lair:1   | Noticed a six-headed hydra
 16833 | Lair:1   | Reached **** piety under the Shining One
 16840 | Lair:1   | Killed a six-headed hydra
 16993 | Lair:1   | Reached skill level 16 in Axes
 16997 | Lair:1   | Reached XP level 13. HP: 102/117 MP: 13/13
 18509 | Lair:2   | Noticed Urug
 18519 | Lair:2   | Killed Urug
 18649 | Lair:2   | Reached skill level 17 in Axes
 19098 | Lair:2   | Noticed Amaemon
 19129 | Lair:2   | Killed Amaemon
 19532 | Lair:2   | Found a white marble altar of Elyvilon.
 19737 | Lair:3   | Noticed Nessos
 19761 | Lair:3   | Killed Nessos
 20075 | Lair:3   | Found a hole to the Spider Nest.
 20404 | Lair:3   | Reached XP level 14. HP: 96/129 MP: 10/14
 20737 | Lair:3   | Found a staircase to the Swamp.
 20839 | Lair:3   | Reached skill level 5 in Long Blades
 20872 | Lair:3   | HP: 1/129 [blink frog (10)]
 21014 | Lair:3   | Noticed Josephine
 21020 | Lair:3   | Killed Josephine
 21981 | Lair:3   | Identified the +0 robe of Haiz {rPois}
 22109 | Lair:4   | Identified the +7 flail "Fuafugyf" {pain, rC+ Will- Str+4}
 22872 | Lair:4   | Found a viscous altar of Jiyva.
 22872 | Lair:4   | Found a staircase to the Slime Pits.
 22874 | Lair:4   | You fall into a shaft and drop 1 floor!
 22874 | Lair:5   | Entered Level 5 of the Lair of Beasts
 23650 | Lair:5   | Identified 2 scrolls of acquirement
 23651 | Lair:5   | Acquired a manual of Throwing
 23670 | Lair:5   | Acquired the +0 tower shield of the Salamander {-Cast rN+
                  | Str+8 Int-4}
 23724 | Lair:5   | Reached skill level 10 in Shields
 24628 | Lair:5   | Noticed Snorg
 24649 | Lair:5   | Killed Snorg
 24718 | Lair:5   | HP: 5/129 [komodo dragon (13)]
 25696 | Lair:5   | Reached skill level 10 in Long Blades
 25797 | Lair:5   | Reached XP level 15. HP: 37/137 MP: 16/16
 27950 | D:12     | Got the +5 broad axe "Titeygomu" {freeze, Contam Int+4
                  | Dex+5}
 28696 | D:13     | Reached skill level 10 in Throwing
 28973 | D:13     | Found a gate to the Vaults.
 29489 | D:14     | Reached ***** piety under the Shining One
 30156 | D:15     | Entered Level 15 of the Dungeon
 30221 | D:15     | Reached XP level 16. HP: 146/146 MP: 17/17
 30252 | D:15     | Found a basalt altar of Yredelemnul.
 30614 | D:15     | Got Sif Muna's Meditations on Spellbinding and Cold
 30922 | D:15     | Found a staircase to the Depths.
 31027 | D:15     | Found Emogyv's Assorted Antiques.
 31040 | D:15     | Bought an ichor-stained eveningstar for 700 gold pieces
 31040 | D:15     | Identified the +9 eveningstar of Neurosis {vorpal, Contam
                  | Dex+6} (You bought it in a shop on level 15 of the Dungeon)
 31336 | D:12     | Acquired a manual of Evocations
 31429 | Spider:1 | Entered Level 1 of the Spider Nest
 31708 | Spider:1 | Reached ****** piety under the Shining One
 31797 | Spider:1 | Succumbed to an emperor scorpion's poison

Illustrated notes

Levels and vault maps discovered:
D:1:      matt_arrival_grand_opening, layout_loops_cross,
          shapermc_ecumenical_altar_flowoftime
D:2:      layout_basic, minmay_vboxes, uniq_terence
D:3:      layout_loops_ring, serial_shops, nicolae_shop_stone, uniq_sigmund,
          uniq_robin
D:4:      layout_loops_ring, minmay_misc_feat_rugged, uniq_ijyb
D:5:      layout_layer_cave, nicolae_uskayaw_dance_hall, kennysheep_path_1
D:6:      layout_loops_cross, minmay_temple_entry_junction, st_stairs_8,
          minmay_guarded_unrand_staff_of_olgreb, uniq_pikel
D:7:      layout_gridville, minmay_misc_feat_ornament,
          small_statue_intersection, uniq_duvessa
D:8:      layout_loops_ring, gammafunk_ghost_abyssal_escape
D:9:      layout_basic, interstate_on_off, uniq_psyche
D:10:     layout_loops_ring, david_orc_2, uniq_sonja
D:11:     layout_basic, david_lair_generic
D:12:     minmay_coctagon, layout_cave_pools, gauntlet_entry_generic,
          enter_trove_3
D:13:     layout_roguey, skrybe_vaults_entry_preservation,
          kennysheep_generic_room_12
D:14:     layout_basic
D:15:     gammafunk_enter_depths_forms, layout_irregular_city,
          nicolae_figureground_pulse, serial_shops,
          nicolae_shop_advertising_works [nicolae_subvault_shop_adworks],
          serial_glass, glass_columns_c, glass_columns_a,
          nicolae_yredelemnul_corpse_copse
Temple:   kilobyte_greek_temple
Lair:1:   wad_woods_tower, layout_chaotic_city
Lair:2:   layout_roguey [special_room_bee], lemuel_centaur_altar, uniq_amaemon,
          uniq_urug
Lair:3:   layout_loops_ring, palyth_hydra_swamp_entry, spider_nest_entry_a,
          minmay_lindwurm_lava, grunt_megastairs_4, infiniplex_staircase_pool,
          uniq_nessos, uniq_josephine
Lair:4:   layout_concentric_octagons, slime_entry_1, lemuel_fruit_fields
Lair:5:   hangedman_lair_caniforms_friends, layout_big_grid,
          gammafunk_lair_bear_cave, uniq_snorg
Spider:1: nicolae_spider_corner, gammafunk_ghost_berserking_beasts,
          uniq_mlioglotl
Orc:1:    layout_caves, uniq_maurice
Orc:2:    st_orc_pillars, layout_diamond_mine, nicolae_volcano_entry_two_sided,
          mines1_david

Skill      XL: |  1  2  3  4  5  6  7  8  9 10 11 12 13 14 15 16 |
---------------+-------------------------------------------------+-----
Shields        | 4 5 6 7 8 10 12 13 | 13.4
Armour         | 4 5 6 7 9 10 11 12 13 14 | 14.3
Fighting       | 4 5 6 7 8 10 11 13 14 | 14.5
Long Blades    | 3 4 10 13 14 | 14.6
Maces & Flails | 2 4 6 7 8 9 |  9.0
Dodging        | 1 2 3 4 |  4.8
Axes           | 5 9 11 13 16 17 | 17.2
Throwing       | 1 4 5 7 8 10 11 | 11.7
Invocations    | 1 2 3 |  3.0
Evocations     | 1 |  1.8
Stealth        | |  0.4

Action                   |  1- 3 |  4- 6 |  7- 9 | 10-12 | 13-15 | 16-18 || total
-------------------------+-------+-------+-------+-------+-------+-------++-------
Melee: Long sword        |    64 |       |       |       |       |       ||    64
       Headbutt          |    12 |    17 |    32 |    96 |   386 |    60 ||   603
       Mace              |    26 |   100 |       |       |       |       ||   126
       Club              |       |    20 |    22 |       |       |       ||    42
       Flail             |       |       |    42 |     4 |    64 |       ||   110
       Battleaxe         |       |       |   133 |   456 |   234 |       ||   823
       Double sword      |       |       |       |       |   907 |    98 ||  1005
       Eveningstar       |       |       |       |       |       |    89 ||    89
Throw: Dart              |       |       |    11 |    80 |    61 |     1 ||   153
       Boomerang         |       |       |       |    45 |   272 |       ||   317
       Javelin           |       |       |       |       |    40 |    19 ||    59
Invok: Divine Shield     |       |       |       |    14 |    27 |     1 ||    42
       Cleansing Flame   |       |       |       |       |     1 |       ||     1
Evoke: Wand              |       |       |       |    17 |     4 |    17 ||    38
  Use: Potion            |     1 |       |       |     1 |     6 |     1 ||     9
       Scroll            |       |     6 |     3 |     3 |    16 |     3 ||    31
Armor: Scale mail        |    29 |       |       |       |       |       ||    29
       Chain mail        |    14 |    63 |   109 |   109 |   324 |    36 ||   655
       Plate armour      |       |       |       |    81 |   425 |    25 ||   531
Dodge: Dodged            |    23 |    39 |   123 |   152 |   432 |    36 ||   805
Block: Buckler           |    21 |    33 |    15 |       |   441 |       ||   510
       Other             |       |       |     8 |   117 |    53 |       ||   178
       Reflection        |       |       |       |    10 |    23 |     6 ||    39
       Tower shield      |       |       |       |       |   974 |   240 ||  1214
